Map: Ever Dream LE

Players

FENDO

  • Race: Terran Terran
  • League: Gold
  • Spawn Location: 7:00

Massa - Winner!

  • Race: Terran Terran
  • League: Gold
  • Spawn Location: 1:00

VOD

Have the link to the VOD?

Description

Time

  • Played on: May 14, 2020, 5:58 p.m.
  • Length: 25:44
Show
View Real Time Build Order
Export as new Build Order

FENDO Terran 

Build Orders:  

Get SALT Encoding   

  12  0:02  SCV  
  14  0:14  SCV  
  14  0:21  Supply Depot  
  14  0:27  SCV  
  15  0:34  Refinery  
  15  0:43  SCV  
  15  0:49  Supply Depot  
  16  0:55  SCV  
  17  1:07  SCV, Barracks  
  18  1:19  SCV  
  18  1:21  Refinery  
  19  1:31  SCV  
  20  1:43  SCV  
  21  1:55  SCV  
  21  2:01  Barracks Tech Lab, Factory  
  22  2:07  SCV  
  23  2:15  Supply Depot  
  23  2:20  Orbital Command  
  23  2:23  Marine  
  23  2:28  Stimpack  
  24  2:41  Marine  
  25  2:48  Starport, Factory Tech Lab  
  25  2:59  Marine  
  26  3:08  Siege Tank  
  29  3:17  Marine  
  30  3:27  Starport Reactor  
  30  3:29  Supply Depot  
  30  3:36  Marine  
  31  3:50  Siege Tank  
  31  3:53  Marine  
  35  3:57  Supply Depot  
  32  4:05  Medivac x2  
  34  4:21  Marine  
  34  4:24  Combat Shield  
  34  4:44  Supply Depot  
  34  4:45  Supply Depot x2  
  34  4:47  Supply Depot  
  34  4:50  Marine  
  34  4:57  Barracks  
  34  5:08  Liberator, Marine  
  38  5:26  Marine  
  39  5:33  Engineering Bay  
  39  5:44  Marine  
  40  6:09  Barracks Reactor  
  40  6:31  Terran Infantry Weapons Level 1  
  40  6:34  Marine, Factory Reactor  
  41  6:45  Medivac  
  41  6:46  Medivac  
  45  6:51  Marine x2  
  45  6:52  Marine  
  48  7:06  Fusion Core  
  48  7:08  Marine x2  
  48  7:10  Marine  
  51  7:26  Marine x2  
  51  7:27  Marine  
  54  7:44  Marine x2  
  54  7:45  Marine  
  57  8:01  Hellion x2  
  61  8:07  Marine  
  61  8:09  Marine  
  61  8:10  Marine  
  64  8:22  Hellion x2  
  64  8:25  Terran Infantry Armor Level 1, Marine  
  69  8:27  Marine x2  
  69  8:31  Starport Tech Lab  
  71  8:48  Marine  
  71  8:49  Hellion  
  71  8:51  Marine  
  71  8:53  Marine, Command Center  
  71  8:55  Hellion  
  67  9:06  Marine  
  67  9:09  Marine  
  69  9:10  Hellion  
  69  9:12  Supply Depot  
  71  9:34  Hellion, Marine, Supply Depot  
  74  9:52  Marine  
  75  9:56  Supply Depot  
  75  10:42  Battlecruiser  
  81  11:01  Refinery  
  80  11:05  Refinery  
  80  11:29  SCV  
  81  11:41  SCV  
  81  11:47  Battlecruiser  
  88  11:53  SCV  
  89  12:05  SCV  
  90  12:17  SCV  
  28  13:44  Battlecruiser  
  28  13:45  Marine x2  
  36  13:55  Barracks Reactor  
  36  14:03  Marine x2  
  38  14:13  Widow Mine x2  
  42  14:21  Marine x2  
  44  14:28  SCV  
  45  14:34  Hellion x2  
  49  14:39  Marine x2  
  49  14:41  SCV  
  52  14:53  SCV  
  52  14:55  Hellion  
  52  14:56  Hellion  
  57  15:04  Armory  
  57  15:05  SCV  
  58  15:17  SCV, Hellion x2  
  63  15:28  Sensor Tower  
  63  15:43  Battlecruiser  
  63  15:44  Marine x2  
  63  15:45  Marine x2  
  73  15:52  Armory  
  73  15:54  Command Center  
  73  16:02  Marine x3  
  73  16:03  Marine  
  77  16:13  Terran Ship Weapons Level 1  
  81  16:20  Marine  
  81  16:23  Hellbat x2  
  81  16:24  Sensor Tower  
  82  16:38  Terran Infantry Weapons Level 2  
  82  16:41  SCV  
  82  16:44  Hellbat  
  82  16:45  Hellbat  
  87  17:09  Refinery  
  87  17:11  Hellbat  
  87  17:12  Hellbat  
  91  17:35  Orbital Command  
  91  17:36  Refinery  
  91  17:39  SCV  
  92  17:44  Battlecruiser  
  96  17:51  SCV  
  97  18:03  SCV  
  98  18:07  Terran Vehicle Weapons Level 1  
  91  18:15  SCV  
  57  18:27  SCV  
  51  18:48  Medivac  
  53  19:00  Weapon Refit  
  53  19:18  Medivac  
  53  19:22  Starport  
  55  19:24  SCV  
  56  19:36  SCV  
  57  19:45  Starport  
  57  19:48  SCV, Battlecruiser  
  64  19:58  Terran Ship Weapons Level 2  
  64  20:00  SCV  
  64  20:02  Terran Vehicle And Ship Armor Level 1  
  65  20:07  Marine x2  
  65  20:10  Marine  
  65  20:11  Marine  
  65  20:13  SCV  
  70  20:25  Factory Tech Lab, Marine x2, SCV  
  73  20:28  Marine x2  
  75  20:37  SCV  
  76  20:43  Marine x2  
  76  20:46  Marine x2  
  80  20:53  Starport Tech Lab  
  80  20:56  Battlecruiser x2  
  92  21:00  Marine  
  92  21:01  Marine  
  94  21:04  Rapid Reignition System, Marine x2  
  96  21:18  Marine x2  
  96  21:22  Marine x2  
  94  21:36  Marine x2  
  60  21:53  Marine x2  
  54  21:54  Marine x2  
  54  21:57  Battlecruiser  
  54  22:00  Battlecruiser  
  68  22:10  Marine  
  68  22:11  Marine  
  68  22:12  Marine x2  
  46  22:28  Marine  
  22  22:34  Battlecruiser  
Show
View Real Time Build Order
Export as new Build Order

Massa Terran - Winner!

Build Orders:  

Get SALT Encoding   

  12  0:11  Supply Depot  
  12  0:13  SCV  
  13  0:25  SCV  
  14  0:34  Barracks  
  14  0:37  SCV  
  15  0:46  Supply Depot  
  15  0:49  SCV  
  16  1:01  SCV  
  17  1:05  Barracks  
  17  1:16  SCV  
  18  1:27  Barracks  
  18  1:29  SCV  
  19  1:34  Barracks  
  19  1:37  Marine  
  20  1:48  Refinery, SCV  
  21  1:54  Marine  
  21  1:55  Marine  
  23  2:06  Orbital Command  
  23  2:12  Marine  
  24  2:22  Marine x3  
  27  2:24  Supply Depot  
  27  2:31  Supply Depot  
  27  2:36  Marine  
  28  2:39  Marine  
  28  2:42  Marine x2  
  31  2:54  Marine  
  31  2:57  Marine  
  33  3:00  Marine x2  
  35  3:12  Marine  
  36  3:14  Factory  
  36  3:15  Marine  
  36  3:17  Marine  
  36  3:18  Marine  
  39  3:30  Marine  
  39  3:33  Marine  
  41  3:35  Marine x2  
  43  3:48  Marine  
  44  3:51  Marine  
  44  3:53  Marine  
  34  4:16  Marine x4  
  38  4:18  Factory Tech Lab  
  36  4:34  Marine  
  36  4:35  Marine x3  
  39  4:50  Siege Tank  
  39  4:52  Marine x2  
  43  4:57  Starport  
  44  5:04  Barracks Reactor, Barracks Tech Lab  
  44  5:06  Command Center  
  44  5:09  Marine  
  44  5:10  Marine  
  46  5:22  Engineering Bay  
  46  5:34  SCV  
  47  5:50  SCV, Engineering Bay, Supply Depot  
  47  6:03  Barracks Reactor  
  47  6:12  SCV, Marine x4, Siege Tank  
  47  6:13  Supply Depot  
  47  6:16  Supply Depot  
  55  6:23  SCV  
  55  6:24  SCV  
  57  6:29  Marine  
  58  6:35  SCV  
  58  6:36  SCV  
  60  6:49  Refinery  
  60  6:50  Liberator  
  63  7:04  SCV  
  63  7:05  SCV  
  65  7:16  SCV  
  65  7:17  SCV  
  64  7:30  Marine x2  
  64  7:31  Marine x4  
  70  7:48  Marine x4  
  70  7:49  Marine x2  
  72  7:54  Missile Turret  
  72  8:11  Missile Turret  
  72  8:15  Missile Turret  
  72  8:18  Orbital Command  
  72  8:19  Refinery, SCV  
  73  8:31  SCV, Missile Turret  
  74  8:35  Missile Turret  
  74  8:43  SCV  
  74  8:51  Missile Turret  
  75  8:55  SCV  
  72  9:04  Combat Shield  
  72  9:11  Refinery  
  72  9:18  Missile Turret  
  72  9:25  Command Center  
  72  9:37  Medivac  
  74  9:38  Missile Turret  
  74  9:53  Terran Infantry Weapons Level 1  
  73  10:00  Missile Turret  
  73  10:18  Siege Tank  
  76  10:23  Missile Turret, Stimpack  
  76  10:30  Medivac  
  78  10:38  SCV x2  
  80  10:50  SCV x2  
  82  10:57  Siege Tank  
  82  11:02  Medivac  
  87  11:25  Missile Turret  
  87  11:29  Planetary Fortress, Siege Tank  
  87  11:31  SCV  
  87  11:32  SCV, Missile Turret  
  92  11:43  SCV  
  92  11:44  SCV  
  92  11:45  Missile Turret  
  92  11:46  Viking  
  96  11:51  Missile Turret  
  96  11:56  SCV x2  
  96  11:58  Terran Infantry Armor Level 1  
  98  12:01  Siege Tank  
  98  12:05  Armory  
  101  12:12  Bunker  
  101  12:15  Supply Depot  
  101  12:19  SCV x2, Viking  
  63  12:44  Marauder, Marine x5  
  65  12:49  Viking  
  65  13:01  Marine  
  65  13:05  Marauder  
  63  13:19  Viking  
  65  13:20  Marine x5  
  65  13:26  Marauder  
  66  13:38  Marine x4  
  68  13:42  Marine  
  68  13:48  Marauder  
  71  13:52  Missile Turret  
  71  13:55  Marine  
  71  13:59  Refinery x2  
  72  14:03  Starport Tech Lab  
  72  14:09  Marauder  
  74  14:12  Missile Turret  
  74  14:16  Factory  
  74  14:21  Sensor Tower  
  74  14:28  Sensor Tower  
  74  14:30  SCV x2  
  74  14:31  SCV, Marauder  
  79  14:34  Missile Turret  
  79  14:42  SCV  
  79  14:43  SCV x2  
  82  14:55  SCV  
  83  15:02  Terran Infantry Weapons Level 2  
  83  15:03  Terran Infantry Armor Level 2  
  83  15:05  Terran Vehicle Weapons Level 1  
  83  15:11  Marauder, Marine  
  83  15:12  Armory, Marine x2  
  83  15:13  Factory Tech Lab  
  88  15:17  Banshee  
  88  15:20  Marine x2  
  93  15:27  Factory  
  93  15:36  Supply Depot  
  93  15:50  Supply Depot  
  93  15:58  SCV x2, Marauder, Marine x4  
  93  15:59  Supply Depot  
  101  16:07  Cloaking Field  
  101  16:11  Banshee, SCV x3  
  101  16:13  Supply Depot  
  101  16:14  Thor  
  101  16:16  Factory Tech Lab  
  113  16:20  Marauder  
  113  16:23  SCV x2, Supply Depot  
  117  16:35  SCV, Supply Depot  
  117  16:36  Command Center  
  117  16:37  Thor  
  124  16:41  Marauder  
  124  16:46  Supply Depot  
  126  16:54  Banshee  
  126  16:57  Thor, Supply Depot  
  126  16:58  Missile Turret  
  135  17:02  Marauder, Marine  
  135  17:03  Marine x4  
  142  17:08  Supply Depot  
  142  17:11  SCV x3  
  145  17:20  Marine x2, Thor  
  145  17:21  Marine x2, Missile Turret  
  155  17:23  SCV x3  
  155  17:24  Marauder  
  160  17:31  Supply Depot  
  160  17:35  SCV x3  
  163  17:37  Sensor Tower  
  163  17:40  Thor  
  163  17:42  Missile Turret  
  169  17:45  Marauder  
  169  17:47  Terran Vehicle Weapons Level 2, Terran Vehicle And Ship Armor Level 1  
  169  17:48  Terran Infantry Armor Level 3  
  169  17:49  Terran Infantry Weapons Level 3  
  171  18:02  Thor  
  171  18:04  Missile Turret  
  177  18:07  Marauder  
  142  18:21  Marine x2  
  142  18:22  Marine x3  
  131  18:28  Marauder  
  127  18:39  Marine x4  
  127  18:40  Marine  
  128  18:49  Marauder  
  128  18:52  Viking  
  132  18:57  Marine x4  
  136  19:07  Thor x2  
  136  19:08  Marine  
  149  19:11  Marauder  
  149  19:13  Planetary Fortress  
  149  19:15  Marine x4  
  149  19:16  Refinery, SCV x2  
  158  19:17  SCV  
  158  19:22  Viking  
  160  19:26  Marine  
  160  19:28  SCV  
  162  19:32  Marauder  
  162  19:36  Ghost Academy  
  164  19:45  Refinery  
  164  19:52  Viking  
  166  19:54  Marauder  
  168  20:04  Starport, Sensor Tower  
  168  20:09  Personal Cloaking  
  168  20:15  Marauder  
  170  20:21  Marine x5  
  170  20:22  Viking  
  170  20:25  Barracks  
  177  20:36  Marauder  
  177  20:39  Marine x5  
  177  20:42  Starport  
  184  20:56  Medivac  
  184  20:57  Marine x5  
  186  20:58  Marauder  
  186  21:02  Medivac  
  195  21:13  Barracks  
  195  21:14  Marine  
  196  21:35  Nuke  
  196  21:38  Ghost  
  196  21:39  Medivac  
  195  21:40  Medivac  
  186  22:07  Ghost  
  186  22:09  Medivac  
  186  22:10  Medivac  
  186  22:13  Command Center  
  176  22:52  Ghost  
  176  22:55  Barracks Tech Lab  
  178  23:05  Barracks Tech Lab  
  175  23:21  Ghost  
  175  23:23  Viking x2  
  175  23:24  Viking  
  182  23:28  Missile Turret  
  180  23:41  Missile Turret  
  180  23:44  Missile Turret  
  180  23:47  Missile Turret  
  180  23:49  Ghost  
  180  23:52  Missile Turret  
  180  23:53  Viking x2  
  180  23:54  Viking  
  187  24:01  Command Center  
  184  24:11  Missile Turret  
  180  24:20  SCV  
  181  24:31  Missile Turret  
  181  24:43  Orbital Command  
  181  24:51  Missile Turret  
  181  25:12  Ghost x3  
  181  25:13  SCV x2, Viking x3  
  181  25:14  Missile Turret  
  195  25:25  SCV  
  196  25:30  SCV  
  195  25:43  Missile Turret  
Tags
 
League
GoldGold
Matchup
TvT
Race
Terran
Replay Pack
Multiplayer
Spawn Locations
Cross Positions
Add a new tag
Caveats
  • Supply blocks, unpowered buildings, or Contaminate may cause inaccurate times.
  • Supply counts are checked every 10 seconds.